 Dungeon Crawl Stone Soup version 0.23-a0-143-g1adec7bb76 (webtiles) character file.

1248 Jesh the Covert (level 8, -4/36 HPs)
             Began as a Spriggan Enchanter on Sept 2, 2018.
             Killed by divine providence
             ... invoked by an orc priest
              (14 damage)
             ... on level 6 of the Dungeon.
             The game lasted 00:13:03 (5853 turns).

Jesh the Covert (Spriggan Enchanter)                Turns: 5853, Time: 00:13:04

Health: -4/36      AC:  4    Str:  5    XL:     8   Next: 26%
Magic:  13/16      EV: 18    Int: 17    God:
Gold:   247        SH:  0    Dex: 17    Spells: 4/16 levels left

rFire    . . .     SeeInvis +   l - +1 dagger (vamp)
rCold    . . .     Gourm    .   (shield restricted)
rNeg     . . .     Faith    .   b - +1 robe
rPois    .         Spirit   .   (helmet restricted)
rElec    .         Reflect  .   i - +0 cloak
rCorr    .         Harm     .   (gloves unavailable)
MR       +....                  (boots unavailable)
Stlth    ++++++....             (no amulet)
HPRegen  0.12/turn              h - ring of wizardry
MPRegen  0.15/turn              (no ring)

@: very quick
A: very small, unfitting armour, see invisible, herbivore, speed 3, slow
metabolism 2
a: no special abilities


You were on level 6 of the Dungeon.
You were not hungry.

You visited 1 branch of the dungeon, and saw 6 of its levels.

You collected 247 gold pieces.

Inventory:

Hand Weapons
 a - a +1 dagger
 l - a +1 vampiric dagger (weapon)
 n - a +2 short sword of venom
Missiles
 m - 2 throwing nets (quivered)
Armour
 b - a +1 robe (worn)
 i - a +0 cloak (worn)
Jewellery
 h - a ring of wizardry (left hand)
Wands
 c - a wand of paralysis (12)
 f - a wand of random effects (24)
Scrolls
 o - 2 scrolls of immolation
 q - 2 scrolls of teleportation
 r - 3 scrolls of remove curse
 s - a scroll of magic mapping
Potions
 e - a potion of ambrosia
 g - a potion of haste
 j - a potion of cancellation {unknown}
 k - a potion of heal wounds
 p - 2 potions of lignification {unknown}
Comestibles
 d - 6 rations


   Skills:
 - Level 1.1 Short Blades
 - Level 3.0 Dodging
 + Level 13.5 Stealth
 - Level 4.9 Spellcasting
 - Level 5.5 Hexes


You had 4 spell levels left.
You knew the following spells:

 Your Spells              Type           Power        Failure   Level  Hunger
a - Ensorcelled Hibernat  Hex/Ice        ##....       2%          2    #......
b - Corona                Hex            ###....      1%          1    None
c - Confuse               Hex            ###.....     1%          3    ###....
d - Tukima's Dance        Hex            ###.....     1%          3    ###....
e - Dazzling Spray        Conj/Hex       ##....       6%          3    ###....

Your spell library contained the following spells:

 Spells                   Type           Power        Failure   Level  Hunger


Dungeon Overview and Level Annotations

Branches:
Dungeon (6/15)
 Temple: D:4-7

Altars:
Cheibriados
Fedhas

Shops:
D:4 %


Innate Abilities, Weirdness & Mutations

You are very small and have problems with some larger weapons.
You are too small for most types of armour.
You have supernaturally acute eyesight. (SInv)
You are a herbivore.
You cover ground extremely quickly.
You need to consume almost no food.


Message History

Casting: Ensorcelled Hibernation (safe; 2% risk of failure)
Confirm with . or Enter, or press ? or * to list all spells.
Aiming: Tukima's Dance (safe; 1% risk of failure)
Press: ? - help, Shift-Dir - straight line, f/p - orc
Aim: an orc, wielding a short sword of protection (chance to defeat MR: 78%)
The short sword of protection dances into the air!
Evoke which item? (* to show all) (? for menu, Esc to quit)
Aiming: Random Effects
Press: ? - help, Shift-Dir - straight line, f - orc, p - orc
Aim: an orc, wielding a short sword and wearing a leather armour (misshapen and The puff of flame hits the orc.
You kill the orc!
The orc priest invokes the aid of Beogh against you.
Beogh smites you!
The orc priest calls down the wrath of Beogh upon you.
Beogh smites you!
* * * LOW HITPOINT WARNING * * *
The orc priest invokes the aid of Beogh against you.
Beogh smites you!
You die...

#.# #.# #.######
#####......
.........##########.#
####........<......#
#.....#.##########.##
..o###.###.#.##...........
...ooo.(.@......#...####.#
..[##..###.#.##..>...# ###
#############


You could see 2 orc priests, 2 orcs and a friendly short sword of protection.

Vanquished Creatures
  Grinder (D:3)
  Prince Ribbit (D:6)
  2 ice beasts (D:5)
  Blork the orc (D:4)
  2 howler monkeys
  2 hounds
  An orc priest (D:5)
  Crazy Yiuf (D:3)
  A jelly (D:6)
  2 orc wizards
  Terence (D:3)
  3 worker ants
  12 adders
  An ooze (D:4)
  A worm (D:2)
  2 dart slugs
  4 leopard geckos
  6 orcs
  6 ball pythons (D:2)
  4 bats
  8 giant cockroaches
  5 goblins
  4 hobgoblins (D:1)
  7 jackals
  13 kobolds
  2 quokkas
  8 frilled lizards
  A jackal skeleton (D:4)
  3 quokka skeletons
  4 rats
109 creatures vanquished.

Vanquished Creatures (others)
  An ogre (D:4)
1 creature vanquished.

Grand Total: 110 creatures vanquished

Notes
Turn   | Place    | Note
-------+----------+-------------------------------------------
     0 | D:1      | Jesh the Spriggan Enchanter began the quest for the Orb.
     0 | D:1      | Reached XP level 1. HP: 9/9 MP: 5/5
   504 | D:1      | Reached XP level 2. HP: 13/13 MP: 7/7
   516 | D:1      | Learned a level 2 spell: Ensorcelled Hibernation
  1769 | D:1      | Reached XP level 3. HP: 16/16 MP: 3/9
  1854 | D:1      | Learned a level 3 spell: Confuse
  1858 | D:1      | Learned a level 3 spell: Tukima's Dance
  2213 | D:2      | Reached XP level 4. HP: 19/21 MP: 6/11
  2219 | D:2      | Reached skill level 5 in Hexes
  2450 | D:2      | Found a blossoming altar of Fedhas.
  2796 | D:2      | Reached XP level 5. HP: 21/24 MP: 8/13
  3139 | D:2      | Reached skill level 5 in Stealth
  3254 | D:3      | Noticed Terence
  3262 | D:3      | Killed Terence
  3462 | D:3      | You fall through a shaft!
  3467 | D:4      | Reached skill level 6 in Stealth
  4040 | D:3      | Reached skill level 7 in Stealth
  4040 | D:3      | Reached XP level 6. HP: 28/28 MP: 7/14
  4329 | D:3      | Found a runed door.
  4333 | D:3      | Noticed Crazy Yiuf
  4345 | D:3      | Killed Crazy Yiuf
  4614 | D:3      | Noticed Grinder
  4620 | D:3      | Killed Grinder
  4620 | D:3      | Reached skill level 9 in Stealth
  4620 | D:3      | Reached XP level 7. HP: 27/32 MP: 11/15
  4786 | D:4      | Reached skill level 10 in Stealth
  4929 | D:4      | Noticed Blork the orc
  4954 | D:4      | Killed Blork the orc
  5105 | D:4      | Found Ehyesedime's Food Shop.
  5123 | D:5      | Entered Level 5 of the Dungeon
  5213 | D:5      | Reached skill level 11 in Stealth
  5311 | D:5      | Reached skill level 12 in Stealth
  5317 | D:5      | Learned a level 3 spell: Dazzling Spray
  5636 | D:5      | Reached XP level 8. HP: 36/36 MP: 16/16
  5639 | D:5      | Found a snail-covered altar of Cheibriados.
  5817 | D:6      | Noticed Prince Ribbit
  5823 | D:6      | Killed Prince Ribbit
  5823 | D:6      | Reached skill level 13 in Stealth
  5853 | D:6      | Killed from afar by an orc priest

Vault maps used:
D:1:      dpeg_arrival_central, serial_bayou, serial_bayou_shore_a,
          serial_bayou_shore_b, serial_bayou_crossing, serial_bayou_pond_c,
          kennysheep_minor_cross
D:2:      fedhas_altar_fruit_tree, minmay_snake_closets
D:3:      grunt_ministairs_12, uniq_crazy_yiuf_cottage, uniq_terence,
          uniq_grinder
D:4:      serial_shops, nicolae_shop_behind_doors, uniq_blork_the_orc
D:5:      marbit_many_paths, first_ration
D:6:      lemuel_temple_firewalk_a, uniq_prince_ribbit1, uniq_pikel, uniq_edmund

Skill      XL: |  1  2  3  4  5  6  7  8 |
---------------+-------------------------+-----
Spellcasting   | 3 4 |  4.9
Hexes          | 4 5 |  5.5
Stealth        | 7 9 12 13 | 13.5
Short Blades   | |  1.1
Dodging        | |  3.0

Action                   |  1- 3 |  4- 6 |  7- 9 || total
-------------------------+-------+-------+-------++-------
Melee: Dagger            |   121 |   189 |    87 ||   397
 Cast: Ensorcelled Hiber |    20 |    23 |     6 ||    49
       Corona            |     6 |     1 |       ||     7
       Confuse           |       |     4 |     6 ||    10
       Tukima's Dance    |       |     1 |     1 ||     2
Evoke: Wand              |       |       |     2 ||     2
  Use: Scroll            |     5 |     4 |     2 ||    11
       Potion            |       |     4 |       ||     4
 Stab: Sleeping          |    18 |    29 |    10 ||    57
       Confused          |       |     3 |     4 ||     7
       Distracted        |       |       |     1 ||     1
  Eat: Ration            |       |     4 |     1 ||     5
Armor: Robe              |    10 |    20 |     7 ||    37
Dodge: Dodged            |    98 |   150 |    43 ||   291

Table legend:
 A = Non-vault XP
 B = Vault XP
 C = Vault XP percentage of total XP
 D = Non-vault monster count
 E = Vault monster count
 F = Vault count percentage of total count
                 A         B        C        D         E       F
            +---------+---------+-------+---------+---------+-------
      Total |     914 |     869 |  48.7 |      89 |      21 |  19.1
            +---------+---------+-------+---------+---------+-------
        D:1 |      46 |       0 |   0.0 |      28 |       0 |   0.0
        D:2 |      94 |     102 |  52.0 |      23 |      13 |  36.1
        D:3 |     130 |     347 |  72.7 |      15 |       5 |  25.0
        D:4 |     166 |      91 |  35.4 |      11 |       1 |   8.3
        D:5 |     434 |      55 |  11.2 |       9 |       1 |  10.0
        D:6 |      44 |     274 |  86.2 |       3 |       1 |  25.0
            +---------+---------+-------+---------+---------+-------
